[Event "*** Titled Tuesday Blitz"]
[Site "Chess.com"]
[Date "2018.09.04"]
[Round "4"]
[White "jk13"]
[Black "Alexander_Moskalenko"]
[Result "0-1"]
[WhiteElo "2538"]
[BlackElo "2813"]
[TimeControl "180+2"]
[EndTime "14:26:04 PDT"]
[Termination "Alexander_Moskalenko won by resignation"]

1. e4 d6 2. d4 Nf6 3. Nc3 g6 4. Nf3 Bg7 5. Be3 c6 6. a4 O-O 7. Be2 Nbd7 8. h3 Qc7 9. O-O b6 10. Qc1 Bb7 11. Bh6 e5 12. dxe5 Nxe5 13. Nxe5 dxe5 14.
Bxg7 Kxg7 15. Qe3 a6 16. Rfd1 Rfe8 17. Rd2 h6 18. Rad1 Rad8 19. Bc4 Rxd2 20. Rxd2 b5 21. Bb3 b4 22. Ne2 c5 23. Bd5 c4 24. Bxb7 Qxb7 25.
f3 Rc8 26. Rd6 Rc6 27. Rd8 Qc7 28. Qd2 a5 29. c3 Rb6 30. Kh2 Qb7 31. Ng3 bxc3 32.
bxc3 Qc6 33. Qd1 Rb3 34. Ne2 Rb2 35. Ng3 Qc5 36. Nh1 Qe3 37. Qd6 Qf4+ 38. Ng3 Nh5 39. Qf8+ Kf6 40. Qh8+ Kg5 0-1

[Event "*** Titled Tuesday Blitz"]
[Site "Chess.com"]
[Date "2018.09.04"]
[Round "4"]
[White "yosephtaher"]
[Black "GMWSO"]
[Result "1/2-1/2"]
[WhiteElo "2725"]
[BlackElo "2959"]
[TimeControl "180+2"]
[EndTime "14:26:05 PDT"]
[Termination "Game drawn by repetition"]

1. Nf3 d5 2. g3 g6 3. Bg2 Bg7 4. d4 Nf6 5. O-O O-O 6. c4 c6 7. cxd5 cxd5 8. Nc3 Ne4 9. Nxe4 dxe4 10. Ng5 Qxd4 11.
Qxd4 Bxd4 12. Nxe4 Nc6 13. Be3 Bxe3 14. fxe3 Rb8 15.
Rac1 Rd8 16. a3 f6 17. b4 a6 18. Rfd1 Rxd1+ 19. Rxd1 Bg4 20. Nc5 Ne5 21. Bxb7 Bxe2 22.
Rc1 Nd3 23. Nxd3 Bxd3 24. Rc7 Kf8 25. Kf2 Bb5 26. e4 Ke8 27. Bc6+ Bxc6 28. Rxc6 a5 29. bxa5 Rb3 30. e5 f5 31. e6 Kf8 32. Rc7 Rxa3 33. Ra7 Ra2+ 34. Kg1 g5 35. a6 g4 36. Ra8+ Kg7 37.
a7 h5 38. Kf1 h4 39. gxh4 f4 40. Kg1 Ra1+ 41. Kg2 Ra2+ 42. Kg1 f3 43. Kf1 Ra1+ 44. Kf2 Ra2+ 45. Kf1 Ra1+ 46. Kf2 Ra2+ 47. Kf1 1/2-1/2

[Event "*** Titled Tuesday Blitz"]
[Site "Chess.com"]
[Date "2018.09.04"]
[Round "4"]
[White "OglazaOskar2005"]
[Black "Winehouse83"]
[Result "0-1"]
[WhiteElo "2306"]
[BlackElo "2477"]
[TimeControl "180+2"]
[EndTime "14:26:05 PDT"]
[Termination "Winehouse83 won by resignation"]

1. e4 e5 2. Nf3 Nc6 3. d4 exd4 4. Nxd4 Nf6 5. Nxc6 bxc6 6. Qe2 d6 7. Nc3 Be7 8. Bf4 a5 9. O-O-O O-O 10. e5 Ne8 11. Qf3 Bg5 12. g3 d5 13. Bd3 a4 14. h4 Bxf4+ 15.
Qxf4 a3 16. b3 Qe7 17. Rhe1 g6 18. h5 Ng7 19. Rh1 Ne6 20. Qd2 Qg5 21. f4 Qxg3 22. Rdf1 Nc5 23. Rfg1 Nxd3+ 24. cxd3 Qf3 25. Rf1 Qg3 26. f5 Bxf5 27. Rxf5 gxf5 28. Ne2 Qxe5 29. Rg1+ Kh8 30. d4 Qf6 31. Nf4 Rg8 32. Rf1 Rae8 33. Qc2 Re4 34. Ne2 Rg2 35. Qc5 Rexe2 36. Qf8+ Rg8 0-1

[Event "*** Titled Tuesday Blitz"]
[Site "Chess.com"]
[Date "2018.09.04"]
[Round "4"]
[White "MikeSailer"]
[Black "LuisFSiles"]
[Result "1-0"]
[WhiteElo "2098"]
[BlackElo "2186"]
[TimeControl "180+2"]
[EndTime "14:26:07 PDT"]
[Termination "MikeSailer won by resignation"]

1. c4 Nf6 2. g3 g6 3. Bg2 Bg7 4. Nf3 O-O 5. O-O d6 6. Nc3 Nc6 7. Rb1 a5 8. a3 Bf5 9. d3 Qd7 10. b4 axb4 11. axb4 Bh3 12. b5 Nd8 13. Bd2 Qf5 14.
Ra1 Rxa1 15. Qxa1 Qh5 16. Qa5 Ne6 17. Ne4 Ng4 18. Neg5 Nxg5 19. Bxg5 Bxg2 20. Kxg2 Ne5 21. Bxe7 Re8 22. Qxc7 Nxf3 23. exf3 Qe5 24. Bxd6 Qe2 25. Qxb7 Qxd3 26. Qd5 Bd4 27. Bc5 Qc2 1-0

[Event "*** Titled Tuesday Blitz"]
[Site "Chess.com"]
[Date "2018.09.04"]
[Round "4"]
[White "Abrito99"]
[Black "pKiLz5Rn9b"]
[Result "1-0"]
[WhiteElo "2556"]
[BlackElo "2794"]
[TimeControl "180+2"]
[EndTime "14:26:10 PDT"]
[Termination "Abrito99 won on time"]

1. e4 e6 2. Nf3 d5 3. Nc3 dxe4 4. Nxe4 Nd7 5. d4 Ngf6 6. Nxf6+ Nxf6 7. Bd3 c5 8. dxc5 Bxc5 9. O-O O-O 10. Qe2 b6 11.
Bg5 Bb7 12. Rad1 Qc7 13. Bxf6 gxf6 14. Be4 Rfd8 15. Bxb7 Qxb7 16. c3 Bf8 17. Nd4 f5 18. Rd3 Bg7 19. Rg3 Kh8 20. Rd1 Qe4 21. Re3 Qd5 22.
Rg3 Be5 23. Rgd3 Bf6 24. Nb5 Qxa2 25. Nd6 e5 26. Qh5 Rd7 27. c4 Kg8 28. Qxf5 Rxd6 29.
Rxd6 Be7 30. Rh6 Kf8 31. Qxh7 Ke8 32. Qh8+ Bf8 33. Qxe5+ 1-0

[Event "*** Titled Tuesday Blitz"]
[Site "Chess.com"]
[Date "2018.09.04"]
[Round "4"]
[White "tsakos2731"]
[Black "jeetjain"]
[Result "1-0"]
[WhiteElo "2488"]
[BlackElo "2310"]
[TimeControl "180+2"]
[EndTime "14:26:15 PDT"]
[Termination "tsakos2731 won by checkmate"]

1. d4 d5 2. c4 e6 3. Nc3 Be7 4. Nf3 Nf6 5. Bf4 O-O 6. Rc1 b6 7. e3 Bb7 8. cxd5 Nxd5 9. Nxd5 Qxd5 10. a3 c5 11. dxc5 Bxc5 12. Qxd5 Bxd5 13. b4 Be7 14.
Rc7 Bd8 15. Rc1 Nd7 16. Bb5 Nf6 17. Bd6 a6 18. Ba4 b5 19. Bxf8 Kxf8 20. Bc2 a5 21. Bd3 axb4 22. axb4 Be7 23. O-O Rb8 24. Nd4 Bxb4 25.
Nxb5 g6 26. Rb1 Be7 27. Nc3 Rxb1 28. Rxb1 Bc6 29. Rb8+ Kg7 30. Rb6 Ba8 31. Ra6 Bd5 32. e4 Bb3 33. Rb6 Nxe4 34. Bxe4 Bc4 35. Rc6 Bb3 36.
f4 Bf6 37. Kf2 Bd4+ 38. Kg3 h5 39. Nb5 Bf6 40. Rb6 Ba4 41. Nd6 Be7 42. Kf3 h4 43. g3 h3 44. g4 f5 45. gxf5 gxf5 46. Bxf5 Bh4 47. Bxe6 Bd1+ 48. Ke3 Kf6 49. Nf5 Be1 50. Bd7+ Kf7 51. Rb1 Ba5 52. Rxd1 Bb6+ 53. Kf3 Bd8 54. Kg4 Bb6 55. Bb5 Bc5 56. Bc4+ Kf6 57. Rd5 Bb6 58. Rd6# 1-0

[Event "*** Titled Tuesday Blitz"]
[Site "Chess.com"]
[Date "2018.09.04"]
[Round "4"]
[White "XDPS"]
[Black "VladDobrov"]
[Result "1-0"]
[WhiteElo "2604"]
[BlackElo "2697"]
[TimeControl "180+2"]
[EndTime "14:26:17 PDT"]
[Termination "XDPS won by resignation"]

1. d4 Nf6 2. Bf4 e6 3. e3 c5 4.
Nf3 Nc6 5. Nbd2 d5 6. c3 Bd6 7. Bg3 O-O 8. Bd3 b6 9. e4 Be7 10. e5 Nh5 11. Ng5 Bxg5 12. Qxh5 g6 13. Qe2 cxd4 14.
Nf3 dxc3 15. bxc3 Be7 16. h4 h5 17. Bf4 Bb7 18. Rd1 Rc8 19. g4 hxg4 20. Ng5 d4 21.
Qxg4 Nxe5 22. Bxe5 Qd5 23. Qe4 Rxc3 24. Rg1 Rxd3 25.
Rxd3 Qxe4+ 26. Nxe4 Bxe4 27. Rxd4 Bf5 28. Ke2 Rc8 29.
Rgd1 Rc2+ 30. R1d2 Rxd2+ 31. Kxd2 a5 32. Ke2 Bc5 33.
Rd8+ Bf8 34. Bd6 f6 35. Rxf8+ 1-0

[Event "*** Titled Tuesday Blitz"]
[Site "Chess.com"]
[Date "2018.09.04"]
[Round "4"]
[White "Sethu0025"]
[Black "Vamostodorecto"]
[Result "1-0"]
[WhiteElo "2686"]
[BlackElo "2402"]
[TimeControl "180+2"]
[EndTime "14:26:22 PDT"]
[Termination "Sethu0025 won by resignation"]

1. e4 e6 2. d4 d5 3. Nc3 Bb4 4. e5 c5 5. Bd2 cxd4 6. Nb5 Be7 7. Qg4 Kf8 8. Nxd4 Nc6 9. Ngf3 Qb6 10. O-O-O Bd7 11. Bd3 h5 12. Qf4 g5 13. Qe3 g4 14.
Nxc6 bxc6 15. Ng5 Qxe3 16. Bxe3 c5 17. h4 c4 18. Be2 Nh6 19. f3 Nf5 20. Bf4 g3 21. c3 Rg8 22. Nh7+ Kg7 23. Ng5 Kf8 24.
Rh3 Nxh4 25. Nh7+ Kg7 26. Nf6 Ng6 27. Nxh5+ Kf8 28. Bh6+ Ke8 29. Rxg3 Rh8 30. Ng7+ Kd8 31. Be3 Nxe5 32. Bd4 Bf6 33. f4 Bxg7 34. Rxg7 Nc6 35. Bf6+ Ke8 36. Bh5 Rf8 37. Rh1 Ne7 38. Bxf7+ Rxf7 39.
Rh8+ Ng8 40. Rhxg8+ Rf8 41. Re7+ 1-0

[Event "*** Titled Tuesday Blitz"]
[Site "Chess.com"]
[Date "2018.09.04"]
[Round "4"]
[White "Kimster98"]
[Black "TheRigos"]
[Result "0-1"]
[WhiteElo "2478"]
[BlackElo "2428"]
[TimeControl "180+2"]
[EndTime "14:26:22 PDT"]
[Termination "TheRigos won by resignation"]

1. d4 Nf6 2. c4 g6 3. g3 Bg7 4. Bg2 O-O 5. Nc3 d6 6. Nf3 Nc6 7. O-O a6 8. b3 Rb8 9. Bb2 Bd7 10.
d5 Na5 11. Nd4 c5 12. dxc6 bxc6 13. Qc1 e5 14. Nc2 Qc7 15. Rd1 Rfd8 16. e4 Bg4 17. f3 Be6 18. Ne3 h5 19. Qc2 Bh6 20. Qe2 Bxe3+ 21.
Qxe3 Nxc4 22. Qe2 Nxb2 23. Qxb2 d5 24. exd5 cxd5 25. Rac1 Qa5 26. Qd2 Rdc8 27. Nb1 Qb6+ 28. Kh1 d4 29. Qg5 Nd7 30. Nd2 Kg7 31. Ne4 f6 32. Qd2 Bd5 33. Nf2 Rc6 34. f4 Bxg2+ 35. Kxg2 Rbc8 36. fxe5 Nxe5 37. Ne4 d3 38. Qf4 Rc2+ 39.
Kf1 Ng4 0-1

[Event "*** Titled Tuesday Blitz"]
[Site "Chess.com"]
[Date "2018.09.04"]
[Round "4"]
[White "julinha97"]
[Black "northridgehawk"]
[Result "0-1"]
[WhiteElo "2151"]
[BlackElo "2118"]
[TimeControl "180+2"]
[EndTime "14:26:22 PDT"]
[Termination "northridgehawk won by checkmate"]

1. e4 e5 2. Nf3 Nc6 3. Bb5 a6 4. Ba4 Nf6 5. O-O b5 6. Bb3 Bc5 7. d3 d6 8. c3 h6 9. a4 Rb8 10. Be3 Bb6 11. axb5 axb5 12. Bxb6 Rxb6 13. Nbd2 O-O 14.
h3 Be6 15. Re1 Re8 16. Nf1 Bxb3 17. Qxb3 Ne7 18. Ng3 Ng6 19. Ra5 Qd7 20. Rea1 Nf4 21. Qc2 c5 22. Nf5 Kh7 23. Ra7 Qe6 24. Kh2 g6 25.
Ne3 d5 26. Nd2 d4 27. cxd4 cxd4 28. Nef1 Rc6 29. Qb3 Kg7 30. R1a3 Rec8 31. Qxe6 Nxe6 32. Rb3 Nc5 33. Rxb5 Nxd3 34. Rbb7 Rf8 35. f3 Nc5 36. Rc7 Rxc7 37. Rxc7 Ne6 38. Rb7 Nc5 39. Rb5 Nd3 40. Ng3 Rc8 41. b3 Rc2 42. Nc4 Ne1 43. Nf1 Rxg2+ 44.
Kh1 Rf2 45. Kg1 Rg2+ 46. Kh1 Nh5 47. Nxe5 Nf4 48. Rb7 Kf6 49. Ng4+ Kg5 50. Rxf7 Nxf3 51. Rxf4 Rg1# 0-1

[Event "*** Titled Tuesday Blitz"]
[Site "Chess.com"]
[Date "2018.09.04"]
[Round "4"]
[White "menor31"]
[Black "MFguimaraes"]
[Result "1-0"]
[WhiteElo "2459"]
[BlackElo "2299"]
[TimeControl "180+2"]
[EndTime "14:26:24 PDT"]
[Termination "menor31 won on time"]

1. c4 c6 2. Nf3 d5 3. g3 Nf6 4. Bg2 Bg4 5. Qc2 Nbd7 6. O-O e5 7. d3 Bd6 8. Nbd2 h6 9. Re1 d4 10. Rb1 a5 11. a3 a4 12. h3 Bf5 13. Nh4 Bh7 14.
Ne4 Nxe4 15. dxe4 O-O 16. Nf5 Nc5 17. Bd2 Bxf5 18. exf5 Nb3 19. Rbd1 Qd7 20. Qe4 Nxd2 21.
Rxd2 Rae8 22. Qg4 Kh8 23. Be4 Bc5 24. Qh5 Qe7 25. h4 Qf6 26. Rd3 Kg8 27. Rf3 Rd8 28. g4 Be7 29. Rh3 g6 30. Qxh6 gxf5 31. Qxf6 Bxf6 32. Bxf5 Kg7 33. g5 Be7 34. Kg2 f6 35.
g6 Rh8 36. h5 Rh6 37. Kf3 b5 38. cxb5 cxb5 39. Rc1 Bd6 40. Rc6 Rhh8 41. Rh1 b4 42.
axb4 Bxb4 43. Rc7+ Kh6 44. Rg1 Rde8 45. g7 Rhg8 46.
Rg6+ Kxh5 47. Rc1 1-0

[Event "*** Titled Tuesday Blitz"]
[Site "Chess.com"]
[Date "2018.09.04"]
[Round "4"]
[White "LucaBrasi1968"]
[Black "mjray79"]
[Result "1-0"]
[WhiteElo "2440"]
[BlackElo "2040"]
[TimeControl "180+2"]
[EndTime "14:26:24 PDT"]
[Termination "LucaBrasi1968 won by resignation"]

1. e4 c5 2. c3 Nf6 3. e5 Nd5 4. d4 cxd4 5. Qxd4 e6 6. Nf3 Nc6 7. Qe4 f5 8. Qe2 Be7 9. g3 b6 10. Bg2 Bb7 11. O-O O-O 12. c4 Nc7 13. Rd1 Na6 14. Nc3 Qe8 15. b3 Rd8 16. Nb5 Nc5 17. Nc3 Qh5 18. Nd4 Qxe2 19. Ndxe2 Nxe5 20. Bxb7 Nxb7 21. Kg2 Nc5 22. Bf4 Ned3 23. Be3 g5 24. f4 g4 25. Rd2 h5 26. Rad1 h4 27. Rxd3 Nxd3 28. Rxd3 h3+ 29. Kf2 Bc5 30. Nd4 Kf7 31. Ndb5 a6 32. Nd4 Ke7 33. Nce2 d5 34. Nc6+ Kd6 35.
Nxd8 Rxd8 36. cxd5 exd5 37. Nd4 Bxd4 38. Bxd4 Rc8 39.
Rc3 Rxc3 40. Bxc3 Kc5 41. Ke3 b5 42. Kd3 b4 43. Bg7 a5 44. Bf8+ Kb5 45. Kd4 a4 46.
Be7 axb3 47. axb3 Kc6 48. Bxb4 1-0

[Event "*** Titled Tuesday Blitz"]
[Site "Chess.com"]
[Date "2018.09.04"]
[Round "4"]
[White "2165149677570"]
[Black "oskariot"]
[Result "1/2-1/2"]
[WhiteElo "2296"]
[BlackElo "2475"]
[TimeControl "180+2"]
[EndTime "14:26:28 PDT"]
[Termination "Game drawn by repetition"]

1. e4 g6 2. d4 Bg7 3. Nc3 d6 4. Be3 a6 5. a4 Nf6 6. f3 h5 7. Qd2 c6 8. a5 Nbd7 9. Nh3 e5 10. Ng5 O-O 11. Bc4 d5 12. exd5 cxd5 13. Bb3 exd4 14. Bxd4 Nb8 15. O-O Nc6 16. Bb6 Qd6 17. Nxd5 Nxd5 18.
Bxd5 Be6 19. Rad1 Bxd5 20. Qxd5 Qxd5 21. Rxd5 Bxb2 22. Rd7 Bc3 23. Rfd1 Bxa5 24. Bc5 Rfd8 25. Nxf7 Rxd7 26. Rxd7 b5 27. Ba3 Bc3 28. Nh6+ Kh8 29.
Nf7+ Kg8 30. Nh6+ Kh8 31. Nf7+ Kg8 32. Nh6+ 1/2-1/2

[Event "*** Titled Tuesday Blitz"]
[Site "Chess.com"]
[Date "2018.09.04"]
[Round "4"]
[White "pouya21"]
[Black "MrVezunchik"]
[Result "0-1"]
[WhiteElo "2663"]
[BlackElo "2840"]
[TimeControl "180+2"]
[EndTime "14:26:29 PDT"]
[Termination "MrVezunchik won by resignation"]

1. e4 c5 2. Nf3 g6 3. c4 Bg7 4.
d4 cxd4 5. Nxd4 Nc6 6. Be3 d6 7.
Nc3 Qb6 8. Ndb5 Bxc3+ 9. Nxc3 Qxb2 10. Nd5 Nb4 11. Rb1 Nc2+ 12. Kd2 Nxe3+ 13. Kxe3 Qa3+ 14.
Rb3 Qc5+ 15. Qd4 Qxd4+ 16. Kxd4 Kd8 17. Be2 e6 18. Ne3 Ne7 19. Rd3 Nc6+ 20. Kc3 Ke7 21. Rhd1 Rd8 22. f4 b6 23. Bf3 Bb7 24. e5 dxe5 25.
fxe5 Rxd3+ 26. Rxd3 Rc8 27. Bxc6 Rxc6 28. Kd4 Rc7 29. Ra3 Rd7+ 30. Kc3 Be4 31. g3 Rd3+ 32. Kb2 Rxa3 33. Kxa3 f5 34. Kb4 g5 35. c5 f4 36.
gxf4 gxf4 37. Ng4 Bc6 38. cxb6 axb6 39. Kc3 Kf7 40. Kd4 Kg6 41. Nf6 h6 42. h4 Kf5 43.
Ng8 Kg4 44. Nxh6+ Kxh4 45. Nf7 f3 46. Ke3 Kg3 0-1

[Event "*** Titled Tuesday Blitz"]
[Site "Chess.com"]
[Date "2018.09.04"]
[Round "4"]
[White "Supernotar"]
[Black "Alopekos"]
[Result "0-1"]
[WhiteElo "2449"]
[BlackElo "2436"]
[TimeControl "180+2"]
[EndTime "14:26:34 PDT"]
[Termination "Alopekos won by checkmate"]

1. d4 Nf6 2. c4 e6 3. Nf3 d5 4. e3 Be7 5. Nbd2 O-O 6. b3 a5 7. Be2 a4 8. Rb1 axb3 9. axb3 Nc6 10. Bb2 Nb4 11. O-O c6 12. Ra1 Bd7 13. Ne5 Rxa1 14. Qxa1 Qa8 15. Bc3 Na2 16. Bb2 Qa5 17. Ndf3 Ra8 18.
Qb1 Nc3 19. Bxc3 Qxc3 20. Rc1 Qb4 21. Nd3 Qa3 22. c5 Ne4 23. Qc2 Be8 24. g3 b6 25.
b4 bxc5 26. bxc5 f6 27. Kg2 Bg6 28. Qb2 Qxb2 29. Nxb2 Ra2 30. Rc2 Nxg3 31. Rd2 Ne4 32. Rc2 Nxc5 33. Rd2 Nb3 34. Rd1 Rxb2 35. Bd3 Bxd3 36.
Rxd3 Bb4 37. Rd1 g5 38. h3 Kf7 39. Kg3 Kg6 40. h4 h6 41. hxg5 hxg5 42. Nh2 Nd2 43. f3 Nc4 44. e4 Bd6+ 45. e5 fxe5 46. Ng4 e4+ 47. Kh3 exf3 48. Rf1 Ne3 49. Rxf3 Nxg4 50. Rf6+ Kxf6 51. Kxg4 Rg2+ 52. Kf3 Rg3+ 53. Kf2 Kf5 54. Kf1 Ke4 55. Kf2 g4 56. Kf1 Kf3 57. Ke1 Rg2 58. Kf1 Bf4 59. Ke1 Rg1# 0-1

[Event "*** Titled Tuesday Blitz"]
[Site "Chess.com"]
[Date "2018.09.04"]
[Round "4"]
[White "W_Amadeus"]
[Black "KhalilMousavi77"]
[Result "0-1"]
[WhiteElo "2562"]
[BlackElo "2751"]
[TimeControl "180+2"]
[EndTime "14:26:35 PDT"]
[Termination "KhalilMousavi77 won by resignation"]

1. d4 Nf6 2. c4 g6 3. Nc3 d5 4.
cxd5 Nxd5 5. e4 Nxc3 6. bxc3 Bg7 7. Be3 c5 8. Rc1 O-O 9. Nf3 Qa5 10. Qd2 Bg4 11. d5 Nd7 12. c4 Qa3 13. Be2 Bxf3 14. Bxf3 Bd4 15. Bxd4 cxd4 16. O-O Ne5 17. Qxd4 Nxf3+ 18.
gxf3 Qxf3 19. Rc3 Qf4 20. Qe3 Qxe3 21. fxe3 b6 22. c5 bxc5 23. Rxc5 Rfc8 24. Rfc1 Rxc5 25.
Rxc5 f6 26. Rc7 Kf8 27. Kf2 Rb8 28. Rxa7 Rb2+ 29. Kg3 Re2 30. Ra3 Kf7 31. h4 h5 32.
Ra7 Rxe3+ 33. Kf4 Rh3 34. d6 Ke6 35. dxe7 Kf7 36. a4 Rxh4+ 37. Ke3 Rh3+ 38. Kd4 g5 39. e5 fxe5+ 40. Kxe5 g4 41. Kf4 Rf3+ 42. Kg5 g3 43. Kxh5 g2 44. e8=Q+ Kxe8 45. Rg7 Rh3+ 0-1

[Event "*** Titled Tuesday Blitz"]
[Site "Chess.com"]
[Date "2018.09.04"]
[Round "4"]
[White "BlackBoarder"]
[Black "GeorgMeier"]
[Result "0-1"]
[WhiteElo "2437"]
[BlackElo "2819"]
[TimeControl "180+2"]
[EndTime "14:26:35 PDT"]
[Termination "GeorgMeier won by resignation"]

1. e4 e6 2. d4 d5 3. Bd3 dxe4 4.
Bxe4 Nd7 5. Ne2 Ngf6 6. Bf3 Bd6 7. Bf4 O-O 8. O-O e5 9. dxe5 Nxe5 10. Bxe5 Bxe5 11.
Nbc3 c6 12. Qxd8 Rxd8 13. Rfd1 Bf5 14. Rac1 h5 15. h3 h4 16. Kf1 a5 17. a4 g6 18. Ke1 Kg7 19. Rxd8 Rxd8 20. Rd1 Re8 21. Kd2 Bc7 22. Kc1 Bb6 23. Nd4 Bd7 24. Nce2 Kf8 25.
c3 Re5 26. Nf4 Ke8 27. Nd3 Re7 28. Re1 Rxe1+ 29. Nxe1 Ke7 30. b3 Kd6 31. Kd2 Bxd4 32. cxd4 Be6 33. Kc3 Bd5 34. Bxd5 Nxd5+ 35. Kd3 Nf4+ 36.
Ke4 Ne6 37. g3 f5+ 38. Kd3 hxg3 39. fxg3 Ng5 40. Ng2 Nxh3 41. Nh4 Nf2+ 42. Ke3 Ne4 43. g4 Ng3 44. Kf3 g5 45. Nxf5+ Nxf5 46. gxf5 Ke7 47.
Kg3 Kf6 48. Kg4 b6 0-1

[Event "*** Titled Tuesday Blitz"]
[Site "Chess.com"]
[Date "2018.09.04"]
[Round "4"]
[White "area_5"]
[Black "ajkom197"]
[Result "1-0"]
[WhiteElo "2574"]
[BlackElo "2381"]
[TimeControl "180+2"]
[EndTime "14:26:36 PDT"]
[Termination "area_5 won by resignation"]

1. b3 d5 2. Bb2 Nf6 3. Nf3 Bf5 4. e3 e6 5. Be2 Be7 6. Nh4 Bg6 7. O-O c5 8. d4 Nc6 9. dxc5 Bxc5 10. Nd2 Qc7 11. a3 Bd6 12. g3 O-O 13. c4 Rad8 14. cxd5 exd5 15. Nxg6 hxg6 16. Nf3 Ne5 17. Rc1 Qb8 18. Qd4 Nxf3+ 19. Bxf3 Rfe8 20. Rfd1 Be5 21. Qd2 Bxb2 22.
Qxb2 b6 23. Kg2 Re7 24. Rd4 Rc7 25. Rcd1 Rc5 26. b4 Rc6 27. Bxd5 Rcd6 28. Bf3 Rxd4 29. Rxd4 Rxd4 30. Qxd4 Qc7 31. b5 Kf8 32. a4 Nd7 33.
Bc6 Ne5 34. Qe4 f5 35. Qd5 Nxc6 36. bxc6 Ke7 37. e4 Qd6 38. Qc4 Qc5 39. Qd5 Qxd5 40. exd5 a5 41. Kf3 b5 42. axb5 a4 43. b6 Kd6 44. b7 Kc7 45. d6+ Kb8 46. d7 Kc7 47.
d8=Q+ Kxd8 48. b8=Q+ Ke7 49. c7 Kf6 50. c8=Q Kg5 51.
Qf4+ Kf6 52. Qc6+ 1-0

[Event "*** Titled Tuesday Blitz"]
[Site "Chess.com"]
[Date "2018.09.04"]
[Round "4"]
[White "VerdeNotte"]
[Black "gammagramma"]
[Result "1-0"]
[WhiteElo "2822"]
[BlackElo "2583"]
[TimeControl "180+2"]
[EndTime "14:26:39 PDT"]
[Termination "VerdeNotte won by checkmate"]

1. e4 e6 2. d3 d5 3. Qe2 Ne7 4. h4 c5 5. Nf3 Nbc6 6. h5 f6 7. exd5 Nxd5 8. Nc3 Nxc3 9. bxc3 e5 10. Qe4 Be6 11.
Rb1 Qd7 12. c4 Bf5 13. Qe2 Bd6 14. g3 Bg4 15. c3 O-O 16. Bg2 Rae8 17. Qe4 Kh8 18. Nh4 f5 19. Qd5 Bxh5 20. Rxb7 Qxb7 21. Qxd6 Rf6 22. Qxc5 e4 23. dxe4 Ne5 24. O-O fxe4 25.
Bg5 Rc6 26. Qd5 Bf3 27. Nxf3 Nxf3+ 28. Bxf3 exf3 29. Qxf3 Qc8 30. Be3 Rf8 31. Qd5 Rxc4 32. Bd4 Rc6 33. Re1 Rg6 34. Re7 Qh3 35. Qe5 Rgf6 36.
Rxa7 h5 37. Qg5 Qf5 38. Qxg7# 1-0

[Event "*** Titled Tuesday Blitz"]
[Site "Chess.com"]
[Date "2018.09.04"]
[Round "4"]
[White "jacky72"]
[Black "evgenysharapov"]
[Result "0-1"]
[WhiteElo "2636"]
[BlackElo "2420"]
[TimeControl "180+2"]
[EndTime "14:26:39 PDT"]
[Termination "evgenysharapov won by resignation"]

1. d4 d5 2. c4 c6 3. cxd5 cxd5 4. Nc3 Nf6 5. Bf4 Nc6 6. e3 a6 7. Bd3 Bg4 8. f3 Bh5 9. Nge2 e6 10. Bg3 Bg6 11. O-O Be7 12. Rc1 O-O 13. Bxg6 hxg6 14. e4 Rc8 15. a3 b5 16. Bf2 Na5 17. e5 Nd7 18. f4 Nc4 19. Rc2 Qb6 20. g4 a5 21. f5 b4 22. axb4 axb4 23. fxe6 fxe6 24. Na4 Qa6 25. b3 Na3 26. Rxc8 Qxc8 27. Be1 Rxf1+ 28. Kxf1 Qc2 29. Qxc2 Nxc2 30. Bd2 Kf7 31. Nb2 Nb8 32. Nd3 Nc6 33. Kf2 N2xd4 34. Nxd4 Nxd4 35. Bxb4 Nxb3 36. Bxe7 Kxe7 37. Ke3 g5 38. Nf2 Kf7 39. Kd3 Na5 40.
Kd4 Nc6+ 41. Kc5 Nxe5 42. Kd6 Nf3 43. Nh3 d4 44. Nf2 Nxh2 45. Ke5 d3 46. Ke4 d2 47.
Kd3 Nxg4 48. Nd1 e5 49. Kxd2 Ke6 50. Kd3 Kf5 51. Nc3 Nf6 52. Ke3 g4 53. Ne2 Nd5+ 54. Kf2 e4 55. Ng3+ Ke5 56. Nh5 g6 57. Ng3 e3+ 58. Ke2 Kd4 59. Nh1 Nf4+ 60. Ke1 Nh5 61. Ke2 Ke4 62. Ke1 Kf3 63. Kf1 g3 64. Kg1 g2 65.
Ng3 Nxg3 66. Kh2 Kf2 0-1

[Event "*** Titled Tuesday Blitz"]
[Site "Chess.com"]
[Date "2018.09.04"]
[Round "4"]
[White "Blagorod"]
[Black "Abdodi"]
[Result "0-1"]
[WhiteElo "1999"]
[BlackElo "2250"]
[TimeControl "180+2"]
[EndTime "14:26:41 PDT"]
[Termination "Abdodi won by checkmate"]

1. e4 c6 2. d4 d5 3. exd5 cxd5 4.
Bd3 Nc6 5. c3 e5 6. dxe5 Nxe5 7.
Bb5+ Bd7 8. Qxd5 Nc6 9. Nf3 Nf6 10. Qd1 Bc5 11. O-O O-O 12. Bg5 Be7 13. Nbd2 Qb6 14.
a4 Bg4 15. h3 Bh5 16. Nc4 Qc7 17. Re1 Rad8 18. Qe2 Rfe8 19. Bxf6 gxf6 20. g4 Bg6 21. Rad1 Bf8 22. Qxe8 Rxe8 23. Rxe8 Kg7 24. Kg2 Qf4 25. Bxc6 bxc6 26. Rd4 Qc1 27. h4 h5 28. g5 Bc5 29.
Rdd8 fxg5 30. Rg8+ Kf6 31. hxg5+ Kf5 32. Nd6+ Kg4 33.
Ne5+ Kh4 34. Nxg6+ fxg6 35. Rxg6 Qf4 36. b4 Qxf2+ 37. Kh1 Qg1# 0-1

[Event "*** Titled Tuesday Blitz"]
[Site "Chess.com"]
[Date "2018.09.04"]
[Round "4"]
[White "joejan"]
[Black "ShadyH9"]
[Result "1-0"]
[WhiteElo "2217"]
[BlackElo "2173"]
[TimeControl "180+2"]
[EndTime "14:26:41 PDT"]
[Termination "joejan won by resignation"]

1. e4 c5 2. Nc3 e6 3. f4 a6 4. g3 b5 5. d3 Bb7 6. Bg2 d5 7.
Nf3 b4 8. Ne2 dxe4 9. Ng5 Nf6 10.
O-O Qc7 11. Nxe4 Nbd7 12. f5 exf5 13. Bf4 Qb6 14. Nxf6+ Nxf6 15. Bxb7 Qxb7 16. Be5 Be7 17. Rxf5 Ng4 18. Qd2 O-O 19. Raf1 g6 20. h3 Nxe5 21. Rxe5 Bd6 22. Re4 Rae8 23. Rxe8 Rxe8 24. Nf4 Bxf4 25. Qxf4 Qd5 26. Qf3 Qxf3 27. Rxf3 Re2 28. Rf2 Rxf2 29.
Kxf2 f5 30. Ke3 Kf7 31. d4 cxd4+ 32. Kxd4 Ke6 33. c4 bxc3 34. bxc3 g5 35. c4 h5 36. h4 f4 37. hxg5 fxg3 38. Ke3 Kf5 39. c5 h4 40. Kf3 Kxg5 41. c6 1-0

[Event "*** Titled Tuesday Blitz"]
[Site "Chess.com"]
[Date "2018.09.04"]
[Round "4"]
[White "tteshan"]
[Black "AndrewDGreen"]
[Result "1-0"]
[WhiteElo "2049"]
[BlackElo "2200"]
[TimeControl "180+2"]
[EndTime "14:26:42 PDT"]
[Termination "tteshan won by resignation"]

1. d4 Nf6 2. c4 g6 3. Nc3 Bg7 4. e4 d6 5. Be2 O-O 6. Bg5 h6 7.
Be3 c5 8. d5 e6 9. Qd2 exd5 10.
exd5 Kh7 11. h4 h5 12. Nf3 Ng4 13. Bf4 Re8 14. O-O Bf5 15. Ng5+ Kg8 16. Bxg4 Bxg4 17. Nge4 Bf8 18. Bg5 Be7 19. Qf4 Bxg5 20. hxg5 Re5 21. f3 Bf5 22. Nf6+ Kg7 23. Rfe1 Nd7 24. Nxh5+ gxh5 25. Rxe5 Nxe5 26. Qxf5 Qe7 27. b3 Re8 28. Ne4 Ng6 29.
Qf6+ Kg8 30. g3 Qe5 31. Qxe5 Nxe5 32. Nf6+ Kf8 33. Nxe8 Kxe8 34. Re1 Kd7 35. Kg2 a6 36. f4 Nd3 37. Re3 Nb4 38. a3 Nc2 39. Re2 Nd4 40.
Rb2 b5 41. Kh3 Nf3 42. Rf2 Nd4 43. Kh4 Nxb3 44. cxb5 axb5 45. Kxh5 c4 46. f5 Nd4 47. g6 fxg6+ 48. fxg6 c3 49. g7 c2 50. Rxc2 1-0

[Event "*** Titled Tuesday Blitz"]
[Site "Chess.com"]
[Date "2018.09.04"]
[Round "4"]
[White "Schachmalanders"]
[Black "volcanoexplorer"]
[Result "1-0"]
[WhiteElo "2373"]
[BlackElo "2314"]
[TimeControl "180+2"]
[EndTime "14:26:45 PDT"]
[Termination "Schachmalanders won by resignation"]

1. e4 e5 2. Nf3 Nc6 3. d4 exd4 4. Nxd4 Bc5 5. Nb3 Bb6 6. Nc3 Nf6 7. Qe2 d6 8. Be3 Be6 9. O-O-O O-O 10. f3 Na5 11. g4 Nc4 12. Bf2 Nd7 13. Nd4 Bxd4 14. Bxd4 Ndb6 15.
f4 a5 16. h4 a4 17. f5 Bd7 18. h5 Qg5+ 19. Kb1 Rfe8 20. f6 d5 21. Nxd5 Bxg4 22. Qg2 Nxd5 23. Bxc4 Nf4 24. Qg3 Rxe4 25. Rhg1 Nxh5 26. Qg2 Rae8 27. fxg7 Nxg7 28. Bd3 Rxd4 29. Bxh7+ Kxh7 30. Rxd4 f5 31. Rd7 Kg6 32. a3 Re7 33. Rxe7 Qxe7 34. Qxb7 Qc5 35. Re1 f4 36. Qa6+ Kg5 37.
Qxa4 f3 38. Re4 Bf5 39. Rh4 Qe3 40. Rh1 f2 41. Qh4+ Kg6 42. Rf1 Qe4 43. Qxf2 Ne6 44. a4 Nd4 45. a5 Nxc2 46. Qxf5+ Qxf5 47. Rxf5 Kxf5 48. Kxc2 Ke5 49. Kc3 Kd6 50. Kc4 Kc6 51. b4 Kb7 52. b5 c6 53. b6 Ka6 54. Kc5 Kxa5 55. Kxc6 Ka6 56. b7 Ka7 57. Kc7 Ka6 58. b8=Q Ka5 1-0